 Dungeon Crawl Stone Soup version 0.24.0-123-gd5b16e6ec5 (webtiles) character file.

Game seed: 8005193115328433041, levelgen mode: deterministic

684 Elellon the Slasher (level 7, 0/52 HPs)
             Began as a Demonspawn Fighter on Jan 27, 2020.
             Slain by an adder zombie (1 damage)
             ... on level 5 of the Dungeon.
             The game lasted 00:04:30 (3645 turns).

Elellon the Slasher (Demonspawn Fighter)            Turns: 3645, Time: 00:04:30

Health: 0/52       AC:  6    Str: 19    XL:     7   Next: 35%
Magic:  7/7        EV:  7    Int:  9    God:
Gold:   189        SH:  9    Dex: 14    Spells: 6/6 levels left

rFire    . . .     SeeInvis .   a - +0 long sword
rCold    . . .     Gourm    .   c - +0 shield
rNeg     . . .     Faith    .   b - +0 scale mail
rPois    .         Spirit   .   (helmet restricted)
rElec    .         Reflect  .   (no cloak)
rCorr    .         Harm     .   (no gloves)
MR       .....                  (no boots)
Stlth    +.........             (no amulet)
HPRegen  0.17/turn              (no ring)
MPRegen  0.10/turn              (no ring)

@: lethally poisoned (0 -> -5)
A: horns 2, thin skeletal structure 1, powered by death 2
a: no special abilities


You were on level 5 of the Dungeon.
You were hungry.

You visited 1 branch of the dungeon, and saw 5 of its levels.

You collected 189 gold pieces.

Inventory:

Hand Weapons
 a - a +0 long sword (weapon)
Armour
 b - a +0 scale mail (worn)
 c - a +0 shield (worn)
 v - a +0 chain mail
 w - a +0 large shield
Jewellery
 o - an uncursed amulet of the acrobat {unknown}
Scrolls
 e - 3 scrolls of enchant weapon {unknown}
 h - 7 scrolls of identify {unknown}
 i - 2 scrolls of noise {unknown}
 m - a scroll of random uselessness {unknown}
 q - 2 scrolls of enchant armour {unknown}
 r - 2 scrolls of magic mapping {unknown}
 t - a scroll of amnesia {unknown}
 x - a scroll of immolation {unknown}
 y - a scroll of blinking {unknown}
Potions
 d - a potion of might
 g - 2 potions of flight {unknown}
 j - 2 potions of ambrosia {unknown}
 k - a potion of brilliance {unknown}
 l - 2 potions of heal wounds
 n - 3 potions of curing {unknown}
 p - a potion of mutation {unknown}
 s - a potion of cancellation {unknown}
 u - a potion of lignification {unknown}
Comestibles
 f - 8 rations
 z - a chunk of flesh


   Skills:
 - Level 3.0 Fighting
 + Level 7.6 Long Blades
 - Level 2.6 Armour
 - Level 2.6 Shields


You had 6 spell levels left.
You didn't know any spells.
Your spell library was empty.

Dungeon Overview and Level Annotations

Branches:
Dungeon (5/15)
 Temple: D:4-7

Altars:


Innate Abilities, Weirdness & Mutations

You have a pair of horns on your head.
You have a somewhat thin skeletal structure. (Dex +2, Stealth)
You regenerate health from kills.


Message History

* * * LOW HITPOINT WARNING * * *
You are more poisoned.
The adder poisons you!
The adder zombie bites you but does no damage.
The quokka zombie bites you but does no damage.
You block the adder's attack.
You closely miss the adder.
The adder is almost dead.
* * * LOW HITPOINT WARNING * * *
You feel sick.
The orc wizard is no longer moving quickly.
The adder zombie bites you but does no damage.
The quokka zombie bites you but does no damage.
The adder bites you but does no damage. You block the adder zombie's attack.
You hit the adder but do no damage.
The adder is almost dead.
The adder barely misses you.
The quokka zombie bites you but does no damage.
The adder zombie bites you.
You die...

..# ###... #####
##.....# #..... .....
.......+ +..... #####
#.....# ..#.#.#.
#...$.#####...#.#.##
####.....#...+...(.....
#..........# ...##..##
##....Z)Z...# ........#
.....oS@....###........'
##.####[.......###.....#
#.##........<..[..
...##.....#.....#.#
######.....#.#####.#
#.....#.#####.#
#.............#
..........#######
###.....###


You could see an orc wizard, an adder, an adder zombie and a quokka zombie.

Vanquished Creatures
  A phantom (D:4)
  A centaur (D:2)
  A crimson imp (D:5)
  2 bullfrog zombies (D:5)
  A hound (D:5)
  3 orc priests
  Natasha (thrice) (D:2)
  2 worker ants (D:5)
  6 adders
  2 oozes (D:4)
  2 adder skeletons
  A worm (D:3)
  2 dart slugs
  2 leopard geckos
  5 orcs
  A ball python (D:3)
  10 bats
  10 giant cockroaches
  15 goblins
  4 hobgoblins (D:2)
  12 jackals
  A quokka (D:5)
  7 frilled lizards
  7 kobolds
  A leopard gecko skeleton (D:4)
  14 rats
116 creatures vanquished.

Notes
Turn   | Place    | Note
-------+----------+-------------------------------------------
     0 | D:1      | Elellon the Demonspawn Fighter began the quest for the Orb.
     0 | D:1      | Reached XP level 1. HP: 18/18 MP: 1/1
    26 | D:1      | Reached skill level 2 in Long Blades
    53 | D:1      | Gained mutation: You regenerate a little health from kills.
                  | [demonic ancestry]
    53 | D:1      | Reached XP level 2. HP: 24/24 MP: 2/2
   310 | D:1      | Reached skill level 3 in Long Blades
   432 | D:1      | Gained mutation: You have a pair of small horns on your
                  | head. [demonic ancestry]
   432 | D:1      | Reached XP level 3. HP: 26/29 MP: 3/3
   912 | D:2      | Noticed a centaur
   921 | D:2      | Killed a centaur
   921 | D:2      | Reached skill level 4 in Long Blades
   921 | D:2      | Gained mutation: You have a pair of horns on your head.
                  | [demonic ancestry]
   921 | D:2      | Reached XP level 4. HP: 12/35 MP: 4/4
  1428 | D:2      | Noticed Natasha
  1431 | D:2      | Gained mutation: You have a somewhat thin skeletal
                  | structure. (Dex +2, Stealth) [demonic ancestry]
  1431 | D:2      | Reached XP level 5. HP: 41/41 MP: 5/5
  1437 | D:2      | Killed Natasha
  1437 | D:2      | Reached skill level 5 in Long Blades
  1449 | D:2      | Noticed Natasha
  1456 | D:2      | Killed Natasha
  1457 | D:2      | Noticed Natasha
  1464 | D:2      | Killed Natasha
  1867 | D:3      | Reached XP level 6. HP: 42/47 MP: 6/6
  2395 | D:3      | Reached skill level 6 in Long Blades
  2836 | D:4      | Found a glowing drain.
  3003 | D:5      | Entered Level 5 of the Dungeon
  3261 | D:5      | Reached skill level 7 in Long Blades
  3347 | D:5      | Gained mutation: You regenerate health from kills. [demonic
                  | ancestry]
  3347 | D:5      | Reached XP level 7. HP: 52/52 MP: 7/7
  3634 | D:5      | HP: 2/52 [quokka zombie (1)]
  3643 | D:5      | HP: 2/52 [adder (1)]
  3645 | D:5      | Slain by an adder zombie

Levels and vault maps discovered:
D:1:      lemuel_arrival_broad_hall, layout_rooms,
          chequers_serial_rivers_micro_e, minmay_tripent
D:2:      layout_rooms, first_ration, uniq_natasha
D:3:      layout_loops_ring
D:4:      layout_rooms, portal_sewer_entry_d
D:5:      layout_basic, minmay_temple_entry_slanted

Skill      XL: |  1  2  3  4  5  6 |
---------------+-------------------+-----
Long Blades    | 2 3 4 5 7 |  7.6
Fighting       | |  3.0
Armour         | |  2.6
Shields        | |  2.6

Action                   |  1- 3 |  4- 6 |  7- 9 || total
-------------------------+-------+-------+-------++-------
Melee: Long sword        |   128 |   174 |    49 ||   351
       Headbutt          |     6 |    33 |    13 ||    52
  Eat: Chunk             |       |     8 |     1 ||     9
Armor: Scale mail        |    99 |    72 |    38 ||   209
Dodge: Dodged            |    47 |    53 |    25 ||   125
Block: Shield            |    87 |    86 |    49 ||   222
       Rpst.: Long sword |    16 |    15 |    12 ||    43
